 Dungeon Crawl Stone Soup version 0.28-a0-938-gbc3f381ebc (webtiles) character file.

Game seed: 16919277796849211764

66 ytrimaz the Grave Robber (level 3, -1/21 (24) HPs)
             Began as a Demonspawn Necromancer on Nov 28, 2021.
             Slain by a necrophage (3 damage)
             ... on level 3 of the Dungeon.
             The game lasted 00:02:02 (2822 turns).

ytrimaz the Grave Robber (Demonspawn Necromancer)   Turns: 2822, Time: 00:02:03

HP:   -1/21 (24)    AC:  5    Str:  8    XL:     3   Next: 96%
MP:   7/7           EV: 12    Int: 17    God:
Gold: 47            SH:  0    Dex: 13    Spells: 6/7 levels left

rFire   . . .      SeeInvis .     - Unarmed
rCold   . . .      Faith    .   (no shield)
rNeg    . . .      Spirit   .   a - +0 robe
rPois   .          Reflect  .   (no helmet)
rElec   .          Harm     .   b - +2 cloak
rCorr   .          Rampage  .   (no gloves)
Will    .....                   (no boots)
Stlth   ++........              (no amulet)
HPRegen 0.07/turn               (no ring)
MPRegen 0.10/turn               (no ring)

@: heavily drained
A: spiny 1, demonic touch 1
a: no special abilities


You were on level 3 of the Dungeon.
You visited 1 branch of the dungeon, and saw 3 of its levels.

You collected 47 gold pieces.

Inventory:

Armour
 a - a +0 robe (worn)
 b - a +2 cloak (worn)
Scrolls
 c - a scroll of immolation
 f - a scroll of fog
 g - a scroll of fear
Potions
 d - a potion of berserk rage {unknown}
 h - a potion of heal wounds {unknown}


   Skills:
 - Level 1.7 Dodging
 - Level 1.7 Stealth
 * Level 1.0 Unarmed Combat
 + Level 2.7 Spellcasting
 + Level 5.4 Necromancy


You had 6 spell levels left.
You knew the following spells:

 Your Spells              Type           Power      Damage    Failure   Level
a - Pain                  Necr           80%        1d8       1%          1

Your spell library contained the following spells:

 Spells                   Type           Power      Damage    Failure   Level
 Animate Skeleton         Necr           40%        N/A       1%          1
 Vampiric Draining        Necr           20%        2d7       6%          3
 Animate Dead             Necr           10%        N/A       19%         4
 Call Canine Familiar     Summ           2%         N/A       47%         3
 Portal Projectile        Hex/Tloc       4%         N/A       47%         3
 Agony                    Necr           20%        N/A       47%         5
 Leda's Liquefaction      Hex/Erth       1%         N/A       87%         4
 Malign Gateway           Summ/Tloc      1%         N/A       100%        7
 Summon Horrible Things   Summ           1%         N/A       100%        8


Dungeon Overview and Level Annotations

Branches:
Dungeon (3/15)

Altars:
The Shining One


Innate Abilities, Weirdness & Mutations

You are partially covered in sharp spines.
Your touch may inflict minor irresistible damage on your foes.


Message History

The necrophage is lightly damaged.
The necrophage hits you.
You feel drained.
You hit the necrophage.
The necrophage is lightly damaged.
The necrophage barely misses you.
You hit the necrophage but do no damage.
The necrophage is lightly damaged.
The necrophage hits you but does no damage.
You hit the necrophage. Your touch misses the necrophage.
The necrophage is lightly damaged.
The necrophage is struck by your spines.
The necrophage misses you.
You closely miss the necrophage.
The necrophage is moderately damaged.
The necrophage closely misses you.
You closely miss the necrophage.
The necrophage is moderately damaged.
You closely miss the necrophage.
The necrophage is moderately damaged.
The necrophage hits you.
You feel drained.
You barely miss the necrophage.
The necrophage is moderately damaged.
The necrophage is struck by your spines.
The necrophage closely misses you.
You barely miss the necrophage. Your touch misses the necrophage.
The necrophage is heavily damaged.
The necrophage hits you.
You feel drained.
You hit the necrophage.
The necrophage is heavily damaged.
The necrophage is struck by your spines.
The necrophage closely misses you.
Unknown command.
You completely miss the necrophage.
The necrophage is heavily damaged.
The necrophage hits you.
* * * LOW HITPOINT WARNING * * *
Unknown command.
Okay, then.
The necrophage hits you.
You die...

# ..# +... ..## #P..
...## ... #... ....
.#..#####..#+...
...............#
#...........#..#
..............@.#
..#..#........n.#..
...................._
................#....
#.........#.#...#.....
#.........#.###.# ....
#.......<...# .# #.#
###.###.###.# .. .. #
#.# #... ..#


You could see a necrophage.

Vanquished Creatures
  A hound skeleton (D:2)
  2 adders (D:2)
  A worm (D:2)
  A dart slug (D:1)
  4 bats
  3 endoplasms
  A goblin (D:1)
  4 hobgoblins (D:1)
  3 quokkas (D:2)
  3 ball pythons
  3 frilled lizards
  3 kobolds
  2 rats (D:2)
31 creatures vanquished.

Notes
Turn   | Place    | Note
-------+----------+-------------------------------------------
     0 | D:1      | ytrimaz the Demonspawn Necromancer began the quest for the
                  | Orb.
     0 | D:1      | Reached XP level 1. HP: 13/13 MP: 3/3
   419 | D:1      | Gained mutation: Your touch may inflict minor irresistible
                  | damage on your foes. [demonic ancestry]
   419 | D:1      | Reached XP level 2. HP: 18/19 MP: 3/5
   992 | D:2      | Reached skill level 5 in Necromancy
  1148 | D:2      | Gained mutation: You are partially covered in sharp spines.
                  | [demonic ancestry]
  1148 | D:2      | Reached XP level 3. HP: 10/24 MP: 6/6
  2342 | D:1      | Reached skill level 1 in Unarmed Combat
  2343 | D:1      | Found a faded altar of an unknown god.
  2803 | D:3      | Noticed a necrophage
  2822 | D:3      | Slain by a necrophage

Illustrated notes

Levels and vault maps discovered:
D:1:      noname_arrival_rooms_in_the_neighbourhood, layout_basic,
          hellmonk_ecumenical_altar_run_dry, chequers_serial_rivers_room_b
D:2:      layout_basic
D:3:      layout_basic, mainiacjoe_overflow_swirl, old_standard_altar,
          cheibrodos_gnoll_hut, uniq_ijyb

Skill      XL: |  1  2  3 |
---------------+----------+-----
Necromancy     | 5 |  5.4
Unarmed Combat | 1 |  1.0
Dodging        | |  1.7
Stealth        | |  1.7
Spellcasting   | |  2.7

Action                   || total
-------------------------++-------
Melee: Unarmed           ||    48
       Touch             ||     5
 Cast: Pain              ||    43
  Use: Scroll            ||     4
 Stab: Sleeping          ||     1
Armor: Robe              ||    13
Dodge: Dodged            ||    34

Table legend: (Time is in decaauts)
 A = Elapsed time spent in this place.
 B = Non-inter-level travel time spent in this place.
 C = Inter-level travel time spent in this place.
 D = Time resting spent in this place.
 E = Time spent auto-exploring this place.
 F = Levels seen in this place.
 G = Mean time per level.
                   A        B        C        D        E       F      G
               +--------+--------+--------+--------+--------+-----+--------+
         Total |   2822 |   2733 |     89 |     56 |   2404 |   3 |  940.7 |
       Dungeon |   2822 |   2733 |     89 |     56 |   2404 |   3 |  940.7 |
               +--------+--------+--------+--------+--------+-----+--------+

Top non-repeatable levels by time:
     D:2: 1424 daAuts
     D:1: 1377 daAuts
     D:3: 20 daAuts
